 Dungeon Crawl Stone Soup version 0.28.0-43-g3370ac3207 (webtiles) character file.

Game seed: 9418336772736823674

5461 Zeld the Thaumaturge (level 10, -3/52 HPs)
             Began as a Deep Elf Fire Elementalist on Mar 10, 2022.
             Was a Follower of Vehumet.
             Slain by a gnoll sergeant
             ... wielding a +3 vorpal trident
              (13 damage)
             ... on level 10 of the Dungeon.
             The game lasted 00:13:41 (13545 turns).

Zeld the Thaumaturge (Deep Elf Fire Elementalist)  Turns: 13545, Time: 00:13:42

Health: -3/52      AC: 11    Str:  5    XL:     10   Next: 41%
Magic:  33/37      EV:  7    Int: 27    God:    Vehumet [*.....]
Gold:   825        SH:  0    Dex: 19    Spells: 7/33 levels left

rFire   + . .      SeeInvis +   a - staff of fire
rCold   . . .      Faith    .   (no shield)
rNeg    . . .      Spirit   .   b - +0 scale mail "Qafasod" {rElec rCorr Dex+4}
rPois   .          Reflect  .   n - +0 helmet
rElec   +          Harm     .   k - +0 cloak
rCorr   +          Rampage  .   (no gloves)
Will    +....                   c - +2 pair of boots of the Game of Life {Int+2 SInv}
Stlth   ++........              (no amulet)
HPRegen 0.17/turn               t - ring of magical power
MPRegen 0.25/turn               (no ring)

@: very slightly contaminated
A: no striking features
a: Renounce Religion


You were on level 10 of the Dungeon.
You worshipped Vehumet.
Vehumet was aware of your devotion.
You visited 2 branches of the dungeon, and saw 11 of its levels.

You collected 1579 gold pieces.
You spent 754 gold pieces at shops.

Inventory:

Armour
 b - the +0 scale mail "Qafasod" (worn) {rElec rCorr Dex+4}
   (You bought it in a shop on level 7 of the Dungeon)

   Dex:       It affects your dexterity (+4).
   rElec:     It insulates you from electricity.
   rCorr:     It protects you from acid and corrosion.
 c - the +2 pair of boots of the Game of Life (worn) {Int+2 SInv}
   (You bought it in a shop on level 7 of the Dungeon)

   Int:       It affects your intelligence (+2).
   SInv:      It lets you see invisible.
 k - a +0 cloak (worn)
 n - a +0 helmet (worn)
Magical Staves
 a - a staff of fire (weapon)
Jewellery
 t - a ring of magical power (left hand)
Wands
 l - a wand of flame (67)
 o - a wand of polymorph (19)
 s - a wand of iceblast (3)
 y - a wand of acid (8)
Scrolls
 e - 2 scrolls of magic mapping
 f - 2 scrolls of enchant armour
 j - 4 scrolls of amnesia
 m - 3 scrolls of teleportation
 p - a scroll of summoning {unknown}
 w - a scroll of enchant weapon
Potions
 d - a potion of berserk rage
 g - a potion of attraction {unknown}
 h - 3 potions of mutation {unknown}
 i - a potion of brilliance {unknown}
 q - a potion of degeneration {unknown}
 r - 4 potions of curing {unknown}
 u - 2 potions of magic {unknown}
 v - a potion of invisibility


   Skills:
 + Level 1.3 Fighting
 * Level 2.2 Armour
 - Level 4.0 Dodging
 - Level 6.0 Stealth
 - Level 12.0 Spellcasting
 + Level 7.0 Conjurations
 * Level 10.6 Fire Magic


You had 7 spell levels left.
You knew the following spells:

 Your Spells              Type           Power      Damage    Failure   Level
a - Foxfire               Conj/Fire      100%       2x1d9     1%          1
b - Scorch                Fire           100%       2d10      1%          2
c - Flame Wave            Conj/Fire      77%        2d14      21%         4
d - Fireball              Conj/Fire      38%        3d16      50%         5
e - Starburst             Conj/Fire      38%        6d11      97%         6
f - Ignition              Fire           42%        3d12      100%        8

Your spell library contained the following spells:

 Spells                   Type           Power      Damage    Failure   Level
 Freeze                   Ice            64%        1d8       58%         1
 Conjure Flame            Conj/Fire      77%        6-21      6%          3
 Inner Flame              Hex/Fire       61%        N/A       26%         3
 Cause Fear               Hex            8%         N/A       100%        4
 Summon Ice Beast         Ice/Summ       16%        N/A       100%        4
 Summon Mana Viper        Hex/Summ       16%        N/A       100%        5
 Dragon Form              Tmut           8%         N/A       100%        7
 Monstrous Menagerie      Summ           8%         N/A       100%        7
 Chain Lightning          Conj/Air       17%        3d23      100%        9
 Dragon's Call            Summ           8%         N/A       100%        9
 Fire Storm               Conj/Fire      38%        8d10      100%        9
 Shatter                  Erth           8%         3d10*     100%        9


Dungeon Overview and Level Annotations

Branches:
Dungeon (10/15)            Temple (1/1) D:5
   Lair: D:8-11         Orc: D:9-12

Altars:
Ashenzari
Cheibriados
Dithmenos
Elyvilon
Fedhas
Gozag
Hepliaklqana
Kikubaaqudgha
Makhleb
Nemelex Xobeh
Okawaru
Qazlal
Ru
Sif Muna
Trog
Uskayaw
Vehumet
Wu Jian
Xom
Yredelemnul
Zin
The Shining One

Shops:
D:2 *   D:7 [   D:8 (([   D:9 *


Message History

The gnoll is no longer more vulnerable to fire.
The orc grunts loudly.
The gnoll barely misses you.
There is a stone staircase leading up here.
The gnoll hits you with a +0 flail.
* * * LOW HITPOINT WARNING * * *
The gnoll hits you but does no damage.
You climb upwards.
There is a stone staircase leading down here.
Casting: Scorch (safe; 1% risk of failure)
Confirm with . or Enter, or press ? or * to list all spells.
You feel a surge of power!
Flames lash the gnoll.
You kill the gnoll!
Vehumet accepts your kill.
Unknown command.
You start resting.
Magic restored.
You start resting.
You start resting.
HP restored.
You climb downwards.
The orc completely misses you.
The orc priest mumbles some strange prayers to Beogh against you.
Beogh smites you! The gnoll hits you with a +0 whip.
The gnoll sergeant hits you from afar with a +3 vorpal trident.
There is a stone staircase leading up here.
Casting: Scorch (safe; 1% risk of failure)
Confirm with . or Enter, or press ? or * to list all spells.
The spell is quite dangerous to miscast (21% risk of failure)!
Continue anyway?
Casting: Flame Wave (quite dangerous; 21% risk of failure)
Press: ? - help, Dir - look around, f - activate You feel a surge of power!
You miscast Flame Wave.
You are very lightly contaminated with residual magic.
You feel a strange surge of energy! The orc hits you with a +0 mace.
The gnoll hits you but does no damage.
The gnoll sergeant hits you from afar with a +3 vorpal trident!
* * * LOW HITPOINT WARNING * * *
x2 Unknown command.
The orc hits you but does no damage. The gnoll hits you but does no damage.
The gnoll sergeant hits you from afar with a +3 vorpal trident!
You die...

#..#..8..#.......
##.#................
#.. .... ..........
#..####.###.........
#...................
#......oo...)og.....
#...>og.###..)......
#.#.....g.#
#...).....
#.....@...#
#..(......
###..g.o..#
#.####o..h #.......#
#.# .##
#...........# #
###.##.###### #. #.#
#. #.# #. ..


You could see an orc warrior, a gnoll sergeant, an orc priest, a gnoll, 2 orcs
and a goblin.

Vanquished Creatures
  Maggie (D:9)
  Prince Ribbit (D:9)
  Sigmund (D:3)
  A shadow (D:9)
  A wyvern (D:10)
  6 yaks
  4 water moccasins
  Duvessa (D:7)
  2 orc warriors
  An ice beast (D:6)
  3 black bears
  A necrophage (D:3)
  An ogre (D:5)
  2 centaurs
  A phantom (D:6)
  A bullfrog (D:7)
  A kobold brigand (D:5)
  A gnoll sergeant (D:9)
  4 scorpions
  Dowan (D:7)
  2 water moccasin skeletons
  4 killer bees (D:9)
  3 wights (D:7)
  A howler monkey (D:8)
  2 centaur zombies (D:8)
  6 hounds
  A centaur skeleton (D:7)
  4 jellies
  Crazy Yiuf (D:3)
  6 orc priests
  A gnoll shaman (D:7)
  2 iguanas
  Ijyb (D:3)
  Terence (D:3)
  Natasha (thrice) (D:3)
  6 orc wizards
  A killer bee zombie (D:8)
  A hound skeleton (D:5)
  A howler monkey zombie (D:9)
  14 gnolls
  4 adders
  3 ufetubi
  A worm (D:2)
  20 orcs
  7 bats
  3 endoplasms
  5 giant cockroaches
  7 goblins
  9 hobgoblins
  7 jackals
  11 kobolds
  4 quokkas
  5 ball pythons
  3 frilled lizards
  6 rats
191 creatures vanquished.

Vanquished Creatures (collateral kills)
  11 foxfires
11 creatures vanquished.

Vanquished Creatures (others)
  481 foxfires
  2 fungi (D:1)
  30 plants (D:2)
513 creatures vanquished.

Grand Total: 715 creatures vanquished

Notes
Turn   | Place    | Note
-------+----------+-------------------------------------------
     0 | D:1      | Zeld the Deep Elf Fire Elementalist began the quest for the
                  | Orb.
     0 | D:1      | Reached XP level 1. HP: 10/10 MP: 6/6
   179 | D:1      | Reached XP level 2. HP: 15/15 MP: 5/8
   911 | D:1      | Reached XP level 3. HP: 19/19 MP: 6/10
   914 | D:1      | Learned a level 2 spell: Scorch
   980 | D:1      | Found a faded altar of an unknown god.
  1404 | D:2      | Found a sparkling altar of Nemelex Xobeh.
  1617 | D:2      | Found Ewkuv's Assorted Antiques.
  1624 | D:2      | Reached skill level 4 in Spellcasting
  1628 | D:2      | Bought an emerald potion for 19 gold pieces
  1628 | D:2      | Bought a fuming cyan potion for 19 gold pieces
  1656 | D:2      | Reached XP level 4. HP: 24/24 MP: 8/12
  2488 | D:3      | Noticed Sigmund
  2499 | D:3      | Killed Sigmund
  2500 | D:3      | Reached skill level 5 in Spellcasting
  2500 | D:3      | Reached XP level 5. HP: 28/28 MP: 6/14
  2507 | D:3      | Learned a level 4 spell: Flame Wave
  2568 | D:3      | Noticed Terence
  2576 | D:3      | Killed Terence
  2577 | D:3      | Reached XP level 6. HP: 32/32 MP: 7/15
  2829 | D:3      | Found a large runed translucent door.
  2830 | D:3      | Found a large runed translucent door.
  2883 | D:3      | Found an ornate altar of the Wu Jian Council.
  2890 | D:3      | Found a shadowy altar of Dithmenos.
  2983 | D:3      | Reached skill level 5 in Fire Magic
  3303 | D:3      | Noticed Ijyb
  3312 | D:3      | Killed Ijyb
  3473 | D:3      | Noticed Natasha
  3477 | D:3      | Killed Natasha
  3633 | D:3      | Noticed Natasha
  3637 | D:3      | Killed Natasha
  3860 | D:3      | Noticed Natasha
  3916 | D:3      | Found a runed translucent door.
  3917 | D:3      | Noticed Crazy Yiuf
  3923 | D:3      | Killed Crazy Yiuf
  3924 | D:3      | Reached XP level 7. HP: 36/36 MP: 12/17
  4083 | D:3      | Killed Natasha
  4084 | D:3      | Reached skill level 6 in Spellcasting
  4583 | D:3      | Found a shadowy altar of Dithmenos.
  4586 | D:3      | Found an ornate altar of the Wu Jian Council.
  4855 | D:2      | Bought a scroll labelled MABUEGRITE for 22 gold pieces
  4855 | D:2      | Bought a fizzy grey potion for 19 gold pieces
  5355 | D:4      | You fall into a shaft and drop 1 floor!
  5355 | D:5      | Entered Level 5 of the Dungeon
  5369 | D:5      | Found a hide-covered altar of Uskayaw.
  5426 | D:5      | Reached skill level 5 in Stealth
  5530 | D:5      | Reached skill level 7 in Spellcasting
  5762 | D:5      | Reached XP level 8. HP: 41/41 MP: 17/20
  6840 | D:5      | Reached skill level 8 in Spellcasting
  6998 | D:5      | Found a sparkling altar of Nemelex Xobeh.
  7024 | D:5      | Found a staircase to the Ecumenical Temple.
  7037 | Temple   | Entered the Ecumenical Temple
  7070 | Temple   | Became a worshipper of Vehumet
  7720 | D:6      | Reached skill level 9 in Spellcasting
  7971 | D:6      | Reached skill level 5 in Conjurations
  8062 | D:6      | Reached XP level 9. HP: 30/45 MP: 23/24
  8521 | D:6      | Found a glowing golden altar of the Shining One.
  8559 | D:6      | Found a shimmering blue altar of Sif Muna.
  8762 | D:7      | Noticed Duvessa
  8762 | D:7      | Noticed Dowan
  8772 | D:7      | Killed Duvessa
  8774 | D:7      | Killed Dowan
  8843 | D:7      | Reached skill level 10 in Spellcasting
  9391 | D:7      | Found Qemau's Antique Armour Shoppe.
  9431 | D:7      | Reached * piety under Vehumet
  9431 | D:7      | Offered knowledge of Freeze by Vehumet.
  9558 | D:7      | Learned a level 5 spell: Fireball
  9565 | D:7      | Learned a level 6 spell: Starburst
  9574 | D:7      | Learned a level 8 spell: Ignition
  9784 | D:8      | Found Otwuat's Antique Armour Boutique.
  9787 | D:8      | Bought a ripped robe for 176 gold pieces
  9787 | D:8      | Identified the +1 robe "Woiw" {+Inv rCorr Str-5 Archmagi}
                  | (You bought it in a shop on level 8 of the Dungeon)
  9795 | D:8      | Identified a scroll of acquirement
  9806 | D:8      | Acquired 1073 gold pieces
  9958 | D:8      | Reached skill level 11 in Spellcasting
 10300 | D:7      | Bought a crude scale mail for 243 gold pieces
 10300 | D:7      | Identified the +0 scale mail "Qafasod" {rElec rCorr Dex+4}
                  | (You bought it in a shop on level 7 of the Dungeon)
 10300 | D:7      | Bought a pair of blackened boots for 256 gold pieces
 10300 | D:7      | Identified the +2 pair of boots of the Game of Life {Int+2
                  | SInv} (You bought it in a shop on level 7 of the Dungeon)
 10564 | D:8      | Found Bevvet's Weapon Boutique.
 10576 | D:8      | Found Tyrphuekh's Weapon Boutique.
 11698 | D:8      | Reached skill level 10 in Fire Magic
 11698 | D:8      | Reached XP level 10. HP: 50/50 MP: 26/27
 12083 | D:9      | Noticed Prince Ribbit
 12096 | D:9      | Noticed Maggie
 12103 | D:9      | Killed Maggie
 12104 | D:9      | Reached skill level 1 in Armour
 12379 | D:9      | Found Oqobbem's Lightly-Used Armoury.
 12446 | D:9      | Reached skill level 1 in Fighting
 12737 | D:9      | Reached skill level 12 in Spellcasting
 12894 | D:9      | Found Oqobbem's Lightly-Used Armoury.
 12937 | D:9      | Killed Prince Ribbit
 13265 | D:10     | Entered Level 10 of the Dungeon
 13545 | D:10     | Slain by a gnoll sergeant

Illustrated notes

Levels and vault maps discovered:
D:1:      ncdulo_wetmaze, layout_rooms,
          shapermc_ecumenical_altar_mp_urbaneastern, minmay_quantized
D:2:      layout_rooms, basic_altar, serial_bayou, serial_bayou_pond_c,
          serial_bayou_pond_c, serial_bayou_pond_c, serial_bayou_pond_d,
          serial_bayou_pond_c, serial_shops, shop, nicolae_grassy_gnolls
D:3:      layout_basic, jmf_multi_god_temple2, uniq_crazy_yiuf_cottage,
          uniq_ijyb, uniq_natasha, uniq_sigmund, uniq_terence
D:4:      layout_basic, nicolae_ossuary_entry_ruins
D:5:      layout_loops_cross, nicolae_uskayaw_dance_hall,
          mainiacjoe_overflow_boulevard, minmay_temple_entry_statues_pillars,
          kennysheep_generic_room_10
D:6:      layout_basic, mainiacjoe_overflow_swirl
D:7:      layout_cave_pools, kennysheep_cross_bottleneck,
          nicolae_take_the_stairs, uniq_duvessa
D:8:      layout_layer_cave, serial_shops, shop, shop, nicolae_shop_behind_doors
D:9:      layout_loops_cross, minmay_shop_damaged, uniq_prince_ribbit1,
          uniq_maggie
D:10:     layout_loops_ring, erik_orc_4, serial_aquarium, aquarium_bridge_square
          [aquarium_subvault_wall, aquarium_subvault_bridge,
          aquarium_subvault_window, aquarium_subvault_wall], aquarium_window_1,
          aquarium_window_3, aquarium_view_2a, aquarium_pool_split,
          mrwooster_statue_mirror
Temple:   lightli_temple_of_artemis

Skill      XL: |  1  2  3  4  5  6  7  8  9 10 |
---------------+-------------------------------+-----
Stealth        | 3 4 5 6 |  6.0
Fire Magic     | 4 5 6 8 10 | 10.6
Spellcasting   | 4 5 7 9 11 12 | 12.0
Conjurations   | 2 3 5 6 7 |  7.0
Dodging        | 3 4 |  4.0
Armour         | 2 |  2.2
Fighting       | 1 |  1.3

Action                   |  1- 3 |  4- 6 |  7- 9 | 10-12 || total
-------------------------+-------+-------+-------+-------++-------
Melee: Unarmed           |    14 |     4 |     7 |       ||    25
       Punch             |       |       |     1 |       ||     1
       Staff             |       |       |       |     1 ||     1
 Cast: Foxfire           |    92 |    88 |   116 |     1 ||   297
       Scorch            |     6 |    17 |   145 |    44 ||   212
       Fireball          |       |       |     2 |       ||     2
       Flame Wave        |       |       |       |     2 ||     2
  Use: Scroll            |       |       |    15 |       ||    15
 Stab: Sleeping          |       |     1 |       |       ||     1
Armor: Robe              |     8 |     2 |    15 |       ||    25
       Scale mail        |       |       |    13 |    19 ||    32
Dodge: Dodged            |    14 |     9 |    64 |    12 ||    99
